 Dungeon Crawl Stone Soup version 0.28.0-45-g0d030f2227 (webtiles) character file.

Game seed: 8980218269187602874

1171 Icepheonix32 the Changer (level 8, 0/84 HPs)
             Began as a Merfolk Transmuter on Apr 16, 2022.
             Succumbed to a kobold's poison
             ... on level 6 of the Dungeon.
             The game lasted 00:10:52 (6316 turns).

Icepheonix32 the Changer (Merfolk Transmuter)       Turns: 6316, Time: 00:10:53

Health: 0/84       AC: 28    Str:  9 (10) XL:     8   Next: 41%
Magic:  13/13      EV:  2    Int: 14 (15) God:
Gold:   131        SH:  0    Dex: 13 (14) Spells: 8/14 levels left

rFire   . . .      SeeInvis .     - Unarmed
rCold   . . .      Faith    .   (no shield)
rNeg    . . .      Spirit   .   (armour currently unavailable)
rPois   +          Reflect  .   (helmet currently unavailable)
rElec   .          Harm     .   (cloak currently unavailable)
rCorr   .          Rampage  .   (gloves currently unavailable)
Will    .....      NoTele   +   (boots currently unavailable)
Stlth   ++........              (no amulet)
HPRegen 0.24/turn               e - +4 ring of protection
MPRegen 0.13/turn               (no ring)

@: mighty, lethally poisoned (0 -> -9), tree-form
A: stationary, stasis, torment immunity, boosted hp, (nimble swimmer 2),
(mertail)
a: no special abilities


You were on level 6 of the Dungeon.
You were a tree.
You visited 1 branch of the dungeon, and saw 6 of its levels.

You collected 171 gold pieces.
You spent 40 gold pieces at shops.

Inventory:

Missiles
 l - 3 curare-tipped darts
 m - 3 poisoned darts
Armour
 a - a +0 robe
 g - a +0 ring mail
 i - a +0 cloak (melded)
 o - a +0 pair of gloves (melded)
 s - the +1 leather armour "Xabad" (melded) {rElec Will++ Slay-2 Stlth+}
   (You took it off an orc on level 5 of the Dungeon)

   Slay:      It affects your accuracy & damage with ranged weapons and melee
   (-2).
   rElec:     It insulates you from electricity.
   Will:      It greatly increases your willpower.
   Stlth:     It makes you more stealthy.
Jewellery
 e - a +4 ring of protection (left branch)
 q - a ring of wizardry
Wands
 u - a wand of flame (20)
Scrolls
 b - a scroll of fear
 c - 3 scrolls of teleportation
 d - 2 scrolls of enchant armour {unknown}
 h - a scroll of blinking {unknown}
 k - 2 scrolls of amnesia {unknown}
 n - a scroll of vulnerability {unknown}
 p - a scroll of fog {unknown}
 v - a scroll of silence {unknown}
Potions
 j - a potion of resistance


   Skills:
 + Level 2.0 Fighting
 + Level 1.0 Throwing
 + Level 0.3 Armour
 + Level 4.8 Dodging
 + Level 1.9 Stealth
 + Level 6.7 Unarmed Combat
 + Level 3.5 Spellcasting
 * Level 7.1 Transmutations
 - Level 3.0 Poison Magic


You had 8 spell levels left.
You knew the following spells:

 Your Spells              Type           Power      Damage    Failure   Level
a - Beastly Appendage     Tmut           44%        N/A       1%          1
b - Wereblood             Tmut           22%        N/A       1%          2
c - Spider Form           Tmut/Pois      16%        N/A       8%          3

Your spell library contained the following spells:

 Spells                   Type           Power      Damage    Failure   Level
 Static Discharge         Conj/Air       2%         N/A       30%         2
 Ice Form                 Ice/Tmut       12%        N/A       43%         4
 Dispel Undead            Necr           2%         3d7       90%         4
 Sticky Flame             Conj/Fire      2%         2d3       90%         4


Dungeon Overview and Level Annotations

Branches:
Dungeon (6/15)
 Temple: D:4-7

Altars:
Cheibriados
Makhleb
Okawaru
Qazlal
Uskayaw
Xom
Yredelemnul
Zin
The Shining One

Shops:
D:1 ?   D:4 !


Innate Abilities, Weirdness & Mutations

You are a tree.
Your roots penetrate the ground, keeping you stationary.
You cannot be teleported.
You are immune to unholy pain and torment.
Your maximum health is greatly increased.
Your equipment is partially melded.
((You are very nimble when in or above water. (Stealth+, EV+, Speed+++)))
((Your lower body shifts to a powerful aquatic tail in water.))


Message History

The hound barely misses you. The kobold brigand barely misses you.
The kobold closely misses you.
Unknown command.
You closely miss the kobold brigand.
The kobold brigand is almost dead.
You feel sick. The hound closely misses you.
The kobold brigand hits you with a +0 dagger.
* * * LOW HITPOINT WARNING * * *
The hound bites you.
* * * LOW HITPOINT WARNING * * *
It was a potion of degeneration.
There was something very wrong with that liquid.
You feel weakened.
You feel dopey.
You feel clumsy.
* * * LOW HITPOINT WARNING * * *
You feel sick. The kobold closely misses you. The hound closely misses you.
The kobold brigand hits you but does no damage.
Unknown command.
Really quaff the potion of lignification?
You turn into a tree.
Your +0 cloak melds into your body.
Your +0 pair of gloves melds into your body.
The +1 leather armour "Xabad" {rElec Will++ Slay-2 Stlth+} melds into your body.
Your roots penetrate the ground.
You feel sick. The hound barely misses you.
The kobold hits you but does no damage.
You are lethally poisoned!
The hound bites you but does no damage.
The kobold brigand hits you but does no damage.
You smack the kobold brigand!
You kill the kobold brigand!
* * * LOW HITPOINT WARNING * * *
You feel very sick. The hound bites you but does no damage.
Unknown command.
You barely miss the kobold. Your punch misses the kobold.
* * * LOW HITPOINT WARNING * * *
You feel sick. The kobold hits you but does no damage.
The hound bites you but does no damage. The kobold hits you but does no damage.
Unknown command.
You pummel the kobold!!
You kill the kobold!
You die...

#.......###..#
####......#.#..#...
#..........<.......
##.....##....###.###
#.......##...#
#..........#.#
#..........#.#
###.$..h.##..
#....)♣#####.#
#....#K# .#
##.##...# .# #
#..... #....##
...... ........
.......## #........


You could see a hound and a kobold.

Vanquished Creatures
  Prince Ribbit (D:5)
  An ogre (D:5)
  A kobold brigand (D:6)
  Blork the orc (D:5)
  A gnoll sergeant (D:4)
  A wyvern zombie (D:4)
  A scorpion (D:5)
  3 hounds
  A jelly (D:3)
  2 orc priests
  A gnoll shaman (D:4)
  A bullfrog skeleton (D:4)
  An iguana (D:5)
  Ijyb (D:5)
  A hound zombie (D:5)
  A hound skeleton (D:4)
  A mummy (D:5)
  9 gnolls
  8 adders
  An adder skeleton (D:3)
  An adder zombie (D:5)
  2 worms (D:2)
  11 orcs
  2 endoplasms (D:4)
  A giant cockroach (D:1)
  7 goblins
  8 hobgoblins
  4 jackals (D:4)
  4 kobolds
  6 quokkas
  9 ball pythons
  5 bats
  3 frilled lizards (D:2)
  8 rats
109 creatures vanquished.

Notes
Turn   | Place    | Note
-------+----------+-------------------------------------------
     0 | D:1      | Icepheonix32 the Merfolk Transmuter began the quest for the
                  | Orb.
     0 | D:1      | Reached XP level 1. HP: 15/15 MP: 3/3
   173 | D:1      | Reached skill level 3 in Transmutations
   261 | D:1      | Reached XP level 2. HP: 20/21 MP: 1/5
   406 | D:1      | Found Qina's Magic Scroll Emporium.
   940 | D:2      | Reached XP level 3. HP: 7/26 MP: 4/6
   943 | D:2      | Learned a level 2 spell: Wereblood
  1208 | D:1      | Bought a scroll of identify for 20 gold pieces
  1208 | D:1      | Bought a scroll of identify for 20 gold pieces
  1851 | D:2      | Found a faded altar of an unknown god.
  2032 | D:3      | Reached XP level 4. HP: 22/32 MP: 7/7
  2253 | D:3      | Reached skill level 4 in Transmutations
  2270 | D:3      | Found a glowing golden altar of the Shining One.
  2326 | D:3      | Found an iron altar of Okawaru.
  2326 | D:3      | Found a burning altar of Makhleb.
  2648 | D:3      | Found a glowing silver altar of Zin.
  2675 | D:3      | Reached XP level 5. HP: 35/37 MP: 6/8
  2690 | D:3      | Learned a level 3 spell: Spider Form
  2721 | D:3      | Reached skill level 1 in Poison Magic
  2971 | D:4      | Found a shimmering altar of Xom.
  3091 | D:4      | Found a hide-covered altar of Uskayaw.
  3120 | D:4      | Reached XP level 6. HP: 12/43 MP: 9/9
  3123 | D:4      | Reached skill level 5 in Unarmed Combat
  3125 | D:4      | Found a stormy altar of Qazlal.
  3367 | D:4      | Reached skill level 5 in Transmutations
  3949 | D:4      | Found Huwe's Distillery.
  4074 | D:4      | Identified the +1 robe of the Trees {Int+6}
  4106 | D:4      | Reached XP level 7. HP: 7/48 MP: 11/11
  4847 | D:5      | Entered Level 5 of the Dungeon
  4880 | D:5      | Reached skill level 1 in Stealth
  5019 | D:5      | Noticed Prince Ribbit
  5022 | D:5      | Reached skill level 6 in Transmutations
  5044 | D:5      | Killed Prince Ribbit
  5268 | D:5      | Noticed Blork the orc
  5277 | D:5      | Killed Blork the orc
  5278 | D:5      | Reached XP level 8. HP: 42/56 MP: 8/12
  5386 | D:5      | Reached skill level 1 in Throwing
  5395 | D:5      | Found a basalt altar of Yredelemnul.
  5567 | D:5      | Identified the +1 leather armour "Xabad" {rElec Will++
                  | Slay-2 Stlth+}
  5732 | D:5      | Found a snail-covered altar of Cheibriados.
  5746 | D:5      | Reached skill level 7 in Transmutations
  5978 | D:5      | Noticed Ijyb
  5989 | D:5      | Killed Ijyb
  6314 | D:6      | HP: 4/84 [poisoned by a kobold]
  6316 | D:6      | Succumbed to a kobold's poison

Illustrated notes

Levels and vault maps discovered:
D:1:      onia_arrival_mini_spirals, layout_basic, serial_shops, shop,
          lemuel_another_geyser
D:2:      layout_rooms, ebering_ecumenical_altar_sacrificial
D:3:      layout_basic, mainiacjoe_overflow_alcove_1,
          nicolae_overflow_hidden_temple, gammafunk_temple_overflow_wave,
          grunt_ministairs_7, minmay_misc_feat_plants,
          kennysheep_generic_room_14
D:4:      layout_basic, brannock_xom_greatest_gift,
          mainiacjoe_overflow_catwalk_spiral, grunt_ministairs_4,
          serial_park_tiny_pond, nicolae_take_the_stairs
D:5:      layout_basic, lemuel_zombie_altar_yredelemnul, slow_altar_2,
          uniq_prince_ribbit1, uniq_ijyb, uniq_blork_the_orc
D:6:      minmay_diamond_boxcup, layout_cave_pools, uniq_eustachio, uniq_duvessa

Skill      XL: |  1  2  3  4  5  6  7  8 |
---------------+-------------------------+-----
Transmutations | 3 4 5 6 7 |  7.1
Unarmed Combat | 4 5 6 |  6.7
Dodging        | 3 4 |  4.8
Poison Magic   | 2 3 |  3.0
Stealth        | 1 |  1.9
Spellcasting   | 3 |  3.5
Throwing       | 1 |  1.0
Fighting       | 2 |  2.0
Armour         | |  0.3

Action                   |  1- 3 |  4- 6 |  7- 9 || total
-------------------------+-------+-------+-------++-------
Melee: Unarmed           |   116 |   148 |   138 ||   402
       Headbutt          |    12 |    19 |    11 ||    42
       Punch             |     4 |     9 |     4 ||    17
       Tailslap          |       |    12 |     1 ||    13
Throw: Dart              |       |     5 |     5 ||    10
 Cast: Beastly Appendage |    19 |    17 |    10 ||    46
       Spider Form       |       |     2 |     6 ||     8
  Use: Scroll            |     3 |       |     1 ||     4
       Potion            |       |     2 |     3 ||     5
 Stab: Sleeping          |       |       |     2 ||     2
Armor: Robe              |    20 |    36 |     9 ||    65
       Skin              |       |    22 |     9 ||    31
       Leather armour    |       |       |    25 ||    25
Dodge: Dodged            |    82 |   142 |    89 ||   313
